 Dungeon Crawl Stone Soup version 0.28.0-53-g5a82cb258f (webtiles) character file.

Game seed: 10426699506153360006

90 Gabide the Skirmisher (level 4, -3/37 HPs)
             Began as a Mummy Monk on June 3, 2022.
             Killed from afar by Natasha (9 damage)
             ... with a magic dart
             ... on level 1 of the Dungeon.
             The game lasted 00:02:13 (2163 turns).

Gabide the Skirmisher (Mummy Monk)                  Turns: 2163, Time: 00:02:13

Health: -3/37      AC:  2    Str: 14    XL:     4   Next: 32%
Magic:  4/4        EV: 13    Int:  9    God:
Gold:   23         SH:  0    Dex: 16    Spells: 3/3 levels left

rFire   x . .      SeeInvis .     - Unarmed
rCold   + . .      Faith    .   (no shield)
rNeg    + + +      Spirit   .   a - +0 robe
rPois   ∞          Reflect  .   (no helmet)
rElec   .          Harm     .   (no cloak)
rCorr   .          Rampage  .   (no gloves)
Will    .....                   (no boots)
Stlth   ++........              (no amulet)
HPRegen 0.12/turn               (no ring)
MPRegen 0.09/turn               (no ring)

@: no status effects
A: cold resistance 1, negative energy resistance 3, torment resistance 2, heat
vulnerability 1, no potions
a: no special abilities


You were on level 1 of the Dungeon.
You visited 1 branch of the dungeon, and saw 2 of its levels.

You collected 23 gold pieces.

Inventory:

Armour
 a - a +0 robe (worn)
Jewellery
 c - an amulet of guardian spirit
Scrolls
 b - a scroll of immolation


   Skills:
 + Level 3.8 Fighting
 + Level 3.1 Dodging
 - Level 1.5 Stealth
 + Level 3.1 Unarmed Combat


You had 3 spell levels left.
You didn't know any spells.
Your spell library was empty.

Dungeon Overview and Level Annotations

Branches:
Dungeon (2/15)

Altars:

Annotations:
D:1 Natasha


Innate Abilities, Weirdness & Mutations

You are immune to poison.
Your flesh is cold resistant. (rC+)
You are immune to negative energy. (rN+++)
You are immune to unholy pain and torment.
You are vulnerable to heat. (rF-)
You do not drink.


Message History

Natasha zaps a wand.
You resist with significant effort. Natasha closely misses you.
You barely miss Natasha.
Natasha is lightly wounded.
Natasha claws you but does no damage. The iron imp barely misses you.
Natasha zaps a wand.
You resist with significant effort.
The iron imp summons a swarm of flies.
The iron imp shouts, "Quit, thou rough-hewn crook-pated buzzard-bait!"
The iron imp closely misses you.
You see here a worm corpse.
You feel yourself speed up.
Natasha extends her claws.
Natasha mumbles some strange words.
There is a stone staircase leading up here.
You climb upwards.
There is a stone staircase leading down here.
You start resting.
You feel your willpower return.
You climb downwards.
Level annotation: Natasha Natasha zaps a wand.
You resist with some effort. Natasha barely misses you.
There is a stone staircase leading up here.
Natasha completely misses you.
You climb upwards.
There is a stone staircase leading down here.
You closely miss Natasha.
Natasha mewls in sadness.
Natasha closely misses you.
You hit Natasha.
Natasha is heavily wounded.
Natasha claws you!
* * * LOW HITPOINT WARNING * * *
You barely miss Natasha.
Natasha is heavily wounded.
Natasha casts a spell.
You barely miss Natasha.
Natasha is heavily wounded.
Natasha stares at you and mumbles some strange words.
The magic dart hits you!
You die...

≈≈.###...(.............########..
.≈...##########..##.##.# #.#
.≈≈≈.# #....##.##.# #.. ...≈.###
#.##.##....#### ###
.#.≈...######....#........#
.#.≈≈≈.....##.##.#........#
.#...≈##.#...###.#........#
.#.#.≈##.#....5.h##########
.#.#.≈##.#..!.#.@#
.#.#.≈##.#.##....#
.#.#.≈##.#....##.#######
.#.#.≈##..!.####..[....#
#####≈#...############.####
.........#####...#........#
###.........##.#.#........#
#.........##.#.#........#
#.........##............#


You could see Natasha and a crimson imp (summoned).

Vanquished Creatures
  Natasha (twice) (D:2)
  An adder (D:2)
  A worm (D:2)
  2 dart slugs
  2 endoplasms
  3 giant cockroaches
  3 goblins
  A hobgoblin (D:1)
  A kobold (D:1)
  A quokka (D:1)
  A ball python (D:2)
  4 bats (D:1)
  5 frilled lizards (D:1)
  4 rats (D:1)
31 creatures vanquished.

Notes
Turn   | Place    | Note
-------+----------+-------------------------------------------
     0 | D:1      | Gabide the Mummy Monk began the quest for the Orb.
     0 | D:1      | Reached XP level 1. HP: 18/18 MP: 1/1
   230 | D:1      | Reached XP level 2. HP: 19/24 MP: 2/2
  1290 | D:2      | Found a faded altar of an unknown god.
  1329 | D:2      | Noticed Natasha
  1337 | D:2      | Killed Natasha
  1338 | D:2      | Reached XP level 3. HP: 24/29 MP: 3/3
  1417 | D:2      | Noticed Natasha
  1946 | D:2      | Killed Natasha
  1947 | D:2      | Reached XP level 4. HP: 16/37 MP: 4/4
  2109 | D:2      | Noticed Natasha
  2163 | D:1      | Killed from afar by Natasha

Illustrated notes

Levels and vault maps discovered:
D:1:      psy_arrival_radial02, layout_basic
D:2:      layout_basic, basic_ecumenical_altar, minmay_diced_spiral, uniq_robin,
          uniq_natasha

Skill      XL: |  1  2  3 |
---------------+----------+-----
Dodging        | 3 |  3.1
Unarmed Combat | 3 |  3.1
Fighting       | |  3.8
Stealth        | |  1.5

Action                   |  1- 3 |  4- 6 || total
-------------------------+-------+-------++-------
Melee: Unarmed           |   132 |    10 ||   142
       Punch             |     4 |       ||     4
  Use: Scroll            |     3 |     1 ||     4
 Stab: Sleeping          |     6 |       ||     6
Armor: Robe              |    25 |     1 ||    26
Dodge: Dodged            |    72 |     9 ||    81
